 Dungeon Crawl Stone Soup version 0.29.1-12-g30fa7ad0bf (webtiles) character file.

Game seed: 14604854640030444018

86587 wormed the Blocker (level 15, 0/100 HPs)
             Began as a Gargoyle Fighter on Dec 20, 2022.
             Was a High Priest of the Shining One.
             Killed by divine providence
             ... invoked by an orc priest
              (15 damage)
             ... on level 1 of the Elven Halls.
             The game lasted 01:05:49 (24631 turns).

wormed the Blocker (Gargoyle Fighter)              Turns: 24631, Time: 01:05:50

Health: 0/100      AC: 39    Str: 29    XL:     15   Next: 87%
Magic:  22/22      EV:  8    Int:  9    God:    the Shining One [*****.]
Gold:   1326       SH:  7    Dex:  9    Spells: 14/14 levels left

rFire   . . .      SeeInvis .   k - +3 whip (elec)
rCold   . . .      Faith    .   c - +0 buckler
rNeg    + + +      Spirit   .   y - +0 plate armour
rPois   ∞          Reflect  .   i - +1 helmet
rElec   +          Harm     .   A - +2 cloak
rCorr   .          Rampage  .   G - +1 pair of gloves
Will    ++...                   a - +1 pair of boots of Elyvilon's Hope {rElec Str+2}
Stlth   ..........              Q - amulet of regeneration
HPRegen 1.06/turn               R - ring of willpower
MPRegen 0.18/turn               D - ring "Tijia" {rN+ Slay+5 Stlth+}

@: flying, glowing
A: sickness immunity, AC +11, big wings, negative energy resistance 1,
electricity resistance, torment resistance 1, petrification resistance
a: Renounce Religion, Divine Shield, Cleansing Flame, Summon Divine Warrior


You were on level 1 of the Elven Halls.
You worshipped the Shining One.
The Shining One was extremely pleased with you.
You visited 5 branches of the dungeon, and saw 19 of its levels.

You collected 1669 gold pieces.
You spent 343 gold pieces at shops.

Inventory:

Hand Weapons
 k - a +3 whip of electrocution (weapon)
 L - a +3 flail
 V - the +4 trident "Tidiguth" {flame, *Corrode rC++ Dex+8}
   (You found it on level 1 of the Elven Halls)

   It burns those it strikes, dealing additional fire damage.
   Dex:       It affects your dexterity (+8).
   rC:        It greatly protects you from cold.
   *Corrode:  It may corrode you when you take damage.
Missiles
 J - 2 throwing nets (quivered)
 M - 2 silver javelins
Armour
 a - the +1 pair of boots of Elyvilon's Hope (worn) {rElec Str+2}
   (You found it on level 4 of the Lair of Beasts)

   Str:       It affects your strength (+2).
   rElec:     It insulates you from electricity.
 c - a +0 buckler (worn)
 i - a +1 helmet (worn)
 y - a +0 plate armour (worn)
 A - a +2 cloak (worn)
 G - a +1 pair of gloves (worn)
Jewellery
 g - a ring of ice
 D - the ring "Tijia" (right hand) {rN+ Slay+5 Stlth+}
   (You found it on level 2 of the Lair of Beasts)

   [ring of positive energy]

   Slay:      It affects your accuracy & damage with ranged weapons and melee
   (+5).
   rN:        It protects you from negative energy.
   Stlth:     It makes you more stealthy.
 O - a ring of protection from fire
 Q - an amulet of regeneration (around neck)
 R - a ring of willpower (left hand)
Wands
 q - a wand of polymorph (2)
 u - a wand of iceblast (29)
 K - a wand of digging (7)
 N - a wand of mindburst (4)
 U - a wand of acid (2)
Scrolls
 b - 3 scrolls of teleportation
 f - 3 scrolls of fear
 l - a scroll of noise {unknown}
 r - a scroll of brand weapon
 v - 4 scrolls of torment
 w - 4 scrolls of enchant armour
 x - 2 scrolls of poison
 z - 2 scrolls of enchant weapon
 E - 4 scrolls of magic mapping
 H - 2 scrolls of amnesia
 I - 2 scrolls of vulnerability
 P - 2 scrolls of blinking
 S - a scroll of silence {unknown}
Potions
 d - 3 potions of might
 e - 3 potions of flight
 h - 3 potions of degeneration
 j - 5 potions of resistance
 m - 3 potions of attraction
 o - 6 potions of mutation
 p - 3 potions of haste
 s - 3 potions of cancellation
 t - 4 potions of magic
 B - 5 potions of brilliance
 C - 2 potions of lignification {unknown}
 T - a potion of berserk rage


   Skills:
 + Level 14.3 Fighting
 - Level 12.0 Maces & Flails
 + Level 8.6 Throwing
 + Level 14.2 Armour
 + Level 14.3 Shields
 + Level 10.4 Invocations


You had 14 spell levels left.
You didn't know any spells.
Your spell library contained the following spells:

 Spells                   Type           Power      Damage    Failure   Level
 Conjure Flame            Conj/Fire      0%         6-21      100%        3
 Ignite Poison            Fire/Tmut/Pois 0%         N/A       100%        3
 Mephitic Cloud           Conj/Pois/Air  0%         N/A       100%        3
 Stone Arrow              Conj/Erth      0%         3d7       100%        3
 Animate Armour           Summ/Erth      0%         N/A       100%        4
 Sticky Flame             Conj/Fire      0%         2d3       100%        4
 Blade Hands              Tmut           0%         N/A       100%        5
 Freezing Cloud           Conj/Ice/Air   0%         6-21      100%        5
 Irradiate                Conj/Tmut      0%         3d11      100%        5
 Dragon Form              Tmut           0%         N/A       100%        7
 Lehudib's Crystal Spear  Conj/Erth      0%         10d2      100%        8


Dungeon Overview and Level Annotations

Branches:
Dungeon (10/15)            Temple (1/1) D:4            Lair (5/5) D:10
  Swamp (0/4) Lair:3       Spider (0/4) Lair:3        Slime (0/5) Lair:4
    Orc (2/2) D:10            Elf (1/3) Orc:2

Altars:
Ashenzari
Cheibriados
Dithmenos
Elyvilon
Fedhas
Gozag
Makhleb
Nemelex Xobeh
Okawaru
Qazlal
Ru
Sif Muna
Vehumet
Wu Jian
Xom
Zin
The Shining One
Jiyva

Shops:
Orc:2 (**?

Annotations:
Lair:4 exclusion: oklob plant


Innate Abilities, Weirdness & Mutations

You are immune to sickness and miasma.
Your stone body is resilient. (AC +11)
You are immune to poison.
Your large and strong wings let you fly.
You resist negative energy. (rN+)
You are resistant to electric shocks. (rElec)
You are resistant to unholy torment.
You are immune to petrification.


Message History

The deep elf knight shoots an arrow.
The arrow hits you but does no damage.
The deep elf zephyrmancer mumbles some strange words.
The deep elf zephyrmancer blinks!
The deep elf knight shoots an arrow.
The arrow barely misses you.
The deep elf knight casts a spell at you.
The shard of ice hits you!!
* * * LOW HITPOINT WARNING * * *
The deep elf zephyrmancer points at you and mumbles some strange words.
The bolt of lightning hits you but does no damage.
The deep elf knight shoots an arrow.
The arrow hits you!
* * * LOW HITPOINT WARNING * * *
The deep elf archer unwields a +0 dagger.
The deep elf archer wields a +0 shortbow.
The deep elf archer shoots an arrow.
The arrow barely misses you.
The deep elf knight shoots an arrow.
The arrow hits you but does no damage.
The deep elf zephyrmancer gestures wildly while chanting.
The deep elf zephyrmancer blinks!
As you read the scroll of teleportation, it crumbles to dust.
You feel strangely unstable.
The deep elf knight shoots an arrow.
The arrow hits you but does no damage.
You barely miss the deep elf zephyrmancer.
The deep elf zephyrmancer is almost dead.
The deep elf knight points at you and mumbles some strange words.
The shard of ice hits you but does no damage.
You whack the deep elf zephyrmancer!
Lightning courses through the deep elf zephyrmancer!!
You kill the deep elf zephyrmancer!
The deep elf knight shoots an arrow.
The arrow hits you but does no damage.
Your surroundings suddenly seem different.
An orc and an orc priest come into view.
The orc shouts!
The orc priest shouts!
You hear a shout!
An orc knight comes into view. It is wielding a +0 great mace.
The orc priest mumbles some strange prayers to Beogh against you.
Beogh smites you!
* * * LOW HITPOINT WARNING * * *
You feel better.
The orc throws a boomerang.
The boomerang hits you but does no damage.
The orc priest calls down the wrath of Beogh upon you.
Beogh smites you!
You die...

+...........'...#
#..........[###.#
##.......o).# #.#
##.......).###'##
........#........##
.............o....#
..................#
.........o.......##
#......#.......@##
...###......## ###
####''## #..# #...
##


You could see an orc knight, an orc priest and an orc.

Vanquished Creatures
  A deep elf demonologist (Elf:1)
  The ghost of Kazon the Cleaver, a journeyman DsFi of Okawaru (Lair:2)
  2 hydras (Lair:5)
  Harold (D:10)
  A boulder beetle (D:9)
  3 ogre magi
  2 catoblepae (Lair:5)
  2 centaur warriors (D:9)
  Erica (D:10)
  A deep troll shaman (Lair:5)
  A death knight (D:10)
  13 two-headed ogres
  15 death yaks
  4 dancing weapons
  4 deep elf knights (Elf:1)
  The ghost of FexLirch the Disciple of Destruction, a novice TrFi of Makhleb (D:7)
  Nergalle (Lair:1)
  2 deep trolls (Orc:1)
  A skeletal warrior (D:10)
  6 deep elf archers (Elf:1)
  3 orc knights
  2 lindwurms (Lair:4)
  8 deep elf zephyrmancers (Elf:1)
  2 cyclopes (Orc:1)
  7 deep elf pyromancers
  An orc sorcerer (Orc:1)
  An ugly thing (D:9)
  24 elephants
  2 manticores (D:9)
  2 moths of wrath (Lair:2)
  Maurice (D:10)
  2 black mambas
  8 cane toads
  A gargoyle (D:9)
  A torpor snail (Lair:1)
  2 freezing wraiths (D:10)
  9 komodo dragons
  11 trolls
  A polar bear (Lair:4)
  18 blink frogs
  13 dream sheep
  3 culicivoras (Lair:3)
  3 jumping spiders (Lair:3)
  An air elemental (Elf:1)
  4 wyverns
  A fire elemental (Elf:1)
  2 wraiths
  18 yaks
  A golden eye (shapeshifter) (D:9)
  2 basilisks
  3 steam dragons
  An acid dragon (D:8)
  6 wargs
  14 water moccasins
  2 black bears
  12 orc warriors
  3 ice beasts
  21 ogres
  3 sky beasts
  15 wolves
  6 centaurs
  2 phantoms
  2 kobold brigands
  13 bullfrogs
  A necrophage (D:6)
  A gnoll sergeant (D:9)
  A scorpion (D:6)
  3 wights (D:7)
  13 killer bees
  3 howler monkeys (D:7)
  2 electric eels
  5 quasits (D:7)
  6 hounds
  3 gnoll boudas
  9 orc priests
  4 jellies (Lair:4)
  Jessica (D:3)
  3 iguanas
  22 orc wizards
  Ijyb (D:5)
  Natasha (twice) (D:2)
  Robin (D:4)
  13 gnolls
  3 adders
  2 shadow imps
  3 white imps
  An ufetubus (D:5)
  A worm (D:3)
  5 dart slugs
  52 orcs
  12 ball pythons
  3 bats
  4 endoplasms
  A giant cockroach (D:2)
  11 goblins
  14 hobgoblins
  7 jackals (D:3)
  4 quokkas
  5 frilled lizards
  10 kobolds
  3 rats
555 creatures vanquished.

Vanquished Creatures (others)
  A blink frog (Lair:4)
  An orc (Elf:1)
  7 fungi
  20 plants
29 creatures vanquished.

Grand Total: 584 creatures vanquished

Notes
Turn   | Place    | Note
-------+----------+-------------------------------------------
     0 | D:1      | wormed the Gargoyle Fighter began the quest for the Orb.
     0 | D:1      | Reached XP level 1. HP: 14/14 MP: 1/1
   157 | D:1      | Reached XP level 2. HP: 7/19 MP: 2/2
   923 | D:1      | Found a faded altar of an unknown god.
   999 | D:1      | Reached XP level 3. HP: 23/23 MP: 3/3
  1381 | D:2      | Noticed Natasha
  1390 | D:2      | Killed Natasha
  1405 | D:1      | Reached XP level 4. HP: 7/29 MP: 4/4
  1977 | D:2      | Noticed Natasha
  1986 | D:2      | Killed Natasha
  2290 | D:3      | Reached XP level 5. HP: 31/33 MP: 5/5
  2322 | D:3      | Found a stormy altar of Qazlal.
  2325 | D:3      | Found an opulent altar of Gozag.
  2895 | D:3      | Noticed Jessica
  2918 | D:3      | Killed Jessica
  3336 | D:4      | Noticed an ogre
  3346 | D:4      | Killed an ogre
  3347 | D:4      | Reached XP level 6. HP: 28/39 MP: 6/6
  3689 | D:4      | Found a staircase to the Ecumenical Temple.
  3801 | D:4      | Reached skill level 5 in Maces & Flails
  3801 | D:4      | Reached XP level 7. HP: 24/44 MP: 7/7
  4017 | D:4      | Reached skill level 5 in Fighting
  4017 | D:4      | Reached skill level 5 in Armour
  4017 | D:4      | Reached skill level 5 in Shields
  4434 | D:4      | Identified the +3 helmet "Mohet" {rF++ Dex-5}
  4434 | D:4      | Noticed Robin
  4443 | D:4      | Killed Robin
  4547 | D:4      | Reached XP level 8. HP: 31/49 MP: 8/8
  4915 | Temple   | Entered the Ecumenical Temple
  4959 | Temple   | Became a worshipper of the Shining One
  4992 | D:5      | Entered Level 5 of the Dungeon
  5077 | D:5      | Found a snail-covered altar of Cheibriados.
  6098 | D:5      | Noticed Ijyb
  6112 | D:5      | Killed Ijyb
  6971 | D:6      | Reached XP level 9. HP: 55/55 MP: 9/9
  7730 | D:6      | You fall into a shaft and drop 2 floors!
  7773 | D:7      | Found a transporter.
  7778 | D:7      | Noticed FexLirch's ghost (novice TrFi)
  7935 | D:6      | Reached * piety under the Shining One
  8555 | D:7      | Found a transporter.
  8857 | D:7      | Killed FexLirch's ghost
  8858 | D:7      | Reached XP level 10. HP: 64/64 MP: 10/10
  9222 | D:8      | Reached ** piety under the Shining One
  9457 | D:8      | Found a transporter.
  9476 | D:8      | Found a transporter.
  9574 | D:8      | Found a transporter.
  9988 | D:8      | Found a transporter.
 10671 | D:9      | Reached skill level 10 in Maces & Flails
 10794 | D:9      | Noticed a centaur warrior
 10830 | D:9      | Killed a centaur warrior
 10865 | D:9      | Noticed a manticore
 10887 | D:9      | Killed a manticore
 11153 | D:9      | Reached XP level 11. HP: 69/69 MP: 11/11
 11282 | D:9      | Noticed a boulder beetle
 11317 | D:9      | Killed a boulder beetle
 11512 | D:9      | Noticed a red ugly thing
 11525 | D:9      | Killed a red ugly thing
 11572 | D:9      | Noticed a centaur warrior
 11586 | D:9      | Killed a centaur warrior
 11868 | D:9      | Noticed a manticore
 11878 | D:9      | Killed a manticore
 11906 | D:9      | Noticed a deep elf pyromancer
 12315 | D:9      | Killed a deep elf pyromancer
 12509 | D:9      | Noticed an orc knight
 12905 | D:8      | Killed an orc knight
 13803 | D:10     | Entered Level 10 of the Dungeon
 13855 | D:10     | Noticed a death knight
 13855 | D:10     | Noticed a skeletal warrior
 13891 | D:10     | Killed a skeletal warrior
 13907 | D:10     | Killed a death knight
 14263 | D:10     | Found a shimmering altar of Xom.
 14273 | D:10     | Identified the +5 rapier of Inference {flame, Fragile rC++}
 14611 | D:10     | Found a staircase to the Orcish Mines.
 14702 | D:10     | Noticed Erica
 14719 | D:10     | Killed Erica
 14720 | D:10     | Reached skill level 10 in Fighting
 14720 | D:10     | Reached skill level 10 in Armour
 14720 | D:10     | Reached skill level 10 in Shields
 14746 | D:10     | Reached XP level 12. HP: 61/77 MP: 12/12
 14887 | D:10     | Identified the +2 scale mail of Twilight {-Tele Str-5 Int+4
                  | SInv Stlth+}
 14901 | D:10     | Noticed Harold
 14913 | D:10     | Killed Harold
 15085 | D:10     | Found a staircase to the Lair.
 15234 | D:10     | Noticed Maurice
 15256 | D:10     | Killed Maurice
 15257 | D:10     | Reached skill level 1 in Invocations
 15690 | Orc:1    | Entered Level 1 of the Orcish Mines
 15725 | Lair:1   | Entered Level 1 of the Lair of Beasts
 15746 | Lair:1   | Reached skill level 1 in Throwing
 16254 | Lair:1   | Reached *** piety under the Shining One
 16915 | Lair:2   | Noticed Nergalle
 16934 | Lair:1   | Killed Nergalle
 17039 | Lair:2   | Found a transporter.
 17042 | Lair:2   | Noticed Kazon's ghost (journeyman DsFi)
 17680 | Lair:2   | Found a transporter.
 17815 | Lair:2   | Identified the ring "Tijia" {rN+ Slay+5 Stlth+}
 17861 | Lair:2   | Reached XP level 13. HP: 52/84 MP: 11/16
 17937 | Lair:2   | Killed Kazon's ghost
 18058 | Lair:3   | Reached skill level 5 in Invocations
 18479 | Lair:3   | Found a hole to the Spider Nest.
 18572 | Lair:3   | You fall into a shaft and drop 2 floors!
 18572 | Lair:5   | Entered Level 5 of the Lair of Beasts
 18886 | Lair:3   | Found a staircase to the Swamp.
 18926 | Lair:3   | Reached skill level 5 in Throwing
 19127 | Lair:3   | Reached **** piety under the Shining One
 19495 | Lair:4   | Found a viscous altar of Jiyva.
 19495 | Lair:4   | Found a staircase to the Slime Pits.
 19646 | Lair:4   | Identified the +1 pair of boots of Elyvilon's Hope {rElec
                  | Str+2}
 19754 | Lair:4   | Gained mutation: Your large and strong wings let you fly.
                  | [Gargoyle growth]
 19754 | Lair:4   | Reached XP level 14. HP: 92/92 MP: 19/19
 19974 | Lair:4   | Found a blossoming altar of Fedhas.
 20715 | Lair:5   | Found a blossoming altar of Fedhas.
 22315 | Orc:2    | Entered Level 2 of the Orcish Mines
 22442 | Orc:2    | Reached XP level 15. HP: 89/99 MP: 21/21
 22480 | Orc:2    | Found a staircase to the Elven Halls.
 22546 | Orc:2    | Reached ***** piety under the Shining One
 23406 | Orc:2    | Found Fiymuuc's Magic Scroll Shop.
 23439 | Orc:2    | Found Ucluuzox's Assorted Antiques.
 23442 | Orc:2    | Found Piudd's Antique Weapon Shoppe.
 23445 | Orc:2    | Bought a scroll of enchant armour for 105 gold pieces
 23445 | Orc:2    | Bought a scroll of brand weapon for 133 gold pieces
 23445 | Orc:2    | Bought a scroll of enchant armour for 105 gold pieces
 23494 | Orc:2    | Found Veraiz's Assorted Antiques.
 23639 | Elf:1    | Entered Level 1 of the Elven Halls
 23801 | Elf:1    | Paralysed by an air elemental for 1 turns
 23806 | Elf:1    | Paralysed by an air elemental for 1 turns
 23913 | Elf:1    | Reached skill level 10 in Invocations
 23966 | Elf:1    | Identified the +4 trident "Tidiguth" {flame, *Corrode rC++
                  | Dex+8}
 24296 | Elf:1    | The Shining One protects you from harm!
 24326 | Elf:1    | HP: 5/100 [deep elf archer/arrow (3)]
 24466 | Elf:1    | Noticed a Tzitzimitl
 24468 | Elf:1    | Noticed an Ice Fiend
 24631 | Elf:1    | Killed from afar by an orc priest

Illustrated notes

Levels and vault maps discovered:
D:1:      dpeg_arrival_concentric_ovals, layout_basic,
          shapermc_ecumenical_altar_ellora, grunt_decor_mini_mirrors
D:2:      layout_rooms, minmay_misc_feat_ornament, chequers_decorated_corner,
          patterned_corridor, uniq_natasha
D:3:      corexii_shack_village, layout_loops_ring, grunt_temple_overflow_open,
          cheibrodos_sewer_entry_bend, uniq_jessica
D:4:      layout_basic, minmay_temple_entry_large_hall, uniq_robin
D:5:      layout_layer_cave, cheibriados_altar_1, uniq_ijyb
D:6:      layout_loops_corners, nicolae_elevator_lobby_asterisk
D:7:      layout_basic, gammafunk_ghost_stat_death
D:8:      layout_layer_cave, nicolae_transporter_circle
D:9:      minmay_the_grid_net [minmay_the_grid_armoury, minmay_the_grid_empty,
          minmay_the_grid_large_cup, minmay_the_grid_eight,
          minmay_the_grid_tiny_cups, minmay_the_grid_prize_big_room],
          layout_basic
D:10:     layout_layer_cave, mainiacjoe_overflow_tiny_flanked,
          david_lair_shrubbed, orc_0_dummy, uniq_erica, uniq_maurice,
          uniq_harold
Temple:   mainiacjoe_temple_coin_purse
Lair:1:   layout_cave_pods
Lair:2:   layout_hall_layers, gammafunk_ghost_berserking_beasts,
          grunt_megastairs_4, serial_bayou_shore_b, lemuel_fruit_tree,
          uniq_nergalle
Lair:3:   layout_regular_city, swamp_mist_pool,
          nicolae_spider_entry_tight_spaces
Lair:4:   layout_gridlike, nicolae_slime_entry_slimehenge,
          hangedman_tree_tricks, nicolae_lair_lindhole, lemuel_fruit_fields,
          serial_bayou_shore_a
Lair:5:   grunt_lair_end_beastmaster, layout_layer_cave, basic_altar
Orc:1:    layout_diamond_mine, basic_altar, gammafunk_ghost_necromancy
Orc:2:    st_orc_open, layout_diamond_mine, basic_altar
Elf:1:    layout_gridlike, serial_shops, bzr_entry_gold, orc_legates,
          lemuel_upstairs_altar, grunt_megastairs_5

Skill      XL: |  1  2  3  4  5  6  7  8  9 10 11 12 13 14 15 |
---------------+----------------------------------------------+-----
Maces & Flails | 3 4 5 7 9 10 12 | 12.0
Fighting       | 4 5 6 7 8 10 11 12 13 14 | 14.3
Armour         | 4 5 6 7 8 10 11 12 13 14 | 14.2
Shields        | 4 5 6 7 8 10 11 12 13 14 | 14.3
Invocations    | 4 7 9 10 | 10.4
Throwing       | 3 5 7 8 |  8.6

Action                   |  1- 3 |  4- 6 |  7- 9 | 10-12 | 13-15 || total
-------------------------+-------+-------+-------+-------+-------++-------
Melee: Flail             |   105 |    21 |       |     9 |       ||   135
       Whip              |       |   140 |   372 |   821 |  1442 ||  2775
Invok: Divine Shield     |       |       |       |       |     1 ||     1
Evoke: Wand              |       |       |       |     1 |       ||     1
  Use: Scroll            |     2 |     5 |     2 |    14 |     7 ||    30
       Potion            |       |       |     1 |     7 |     8 ||    16
Armor: Scale mail        |    73 |    63 |   145 |       |       ||   281
       Plate armour      |       |       |    93 |   512 |   848 ||  1453
Dodge: Dodged            |    73 |    55 |   166 |   168 |   337 ||   799
Block: Buckler           |    30 |    29 |    87 |   175 |   324 ||   645
